 Dungeon Crawl Stone Soup version 0.29.0-13-gc9e81de378 (webtiles) character file.

Game seed: 3217814447318439187

229 xian the Shooter (level 6, 0/36 HPs)
             Began as a Tengu Hunter on Sept 9, 2022.
             Slain by an orc
             ... wielding a +0 flail
              (7 damage)
             ... on level 3 of the Dungeon.
             The game lasted 00:04:28 (2546 turns).

xian the Shooter (Tengu Hunter)                     Turns: 2546, Time: 00:04:30

Health: 0/36       AC:  3    Str: 11    XL:     6   Next: 3%
Magic:  7/7        EV: 14    Int:  9    God:
Gold:   172        SH:  0    Dex: 18    Spells: 5/5 levels left

rFire   . . .      SeeInvis +   r - +9 rapier "Bamuth" {holy, rPois Str-2 SInv}
rCold   . . .      Faith    .   (no shield)
rNeg    . . .      Spirit   .   c - +0 leather armour
rPois   +          Reflect  .   (helmet restricted)
rElec   .          Harm     .   (no cloak)
rCorr   .          Rampage  .   (no gloves)
Will    .....                   (boots unavailable)
Stlth   ++........              (no amulet)
HPRegen 0.12/turn               (no ring)
MPRegen 0.10/turn               (no ring)

@: flying quickly and evasively, quick
A: beak, talons 3, nimble flight
a: no special abilities


You were on level 3 of the Dungeon.
You visited 1 branch of the dungeon, and saw 3 of its levels.

You collected 172 gold pieces.

Inventory:

Hand Weapons
 a - a +0 shortbow
 r - the +9 rapier "Bamuth" (weapon) {holy, rPois Str-2 SInv}
   (You found it on level 2 of the Dungeon)

   It has been blessed by the Shining One to cause great damage to the undead
   and demons.
   Str:       It affects your strength (-2).
   rPois:     It protects you from poison.
   SInv:      It lets you see invisible.
Missiles
 h - 4 curare-tipped darts
Armour
 c - a +0 leather armour (worn)
Scrolls
 b - a scroll of immolation
 g - 3 scrolls of identify {unknown}
 i - a scroll of blinking {unknown}
 j - a scroll of enchant weapon {unknown}
 l - 5 scrolls of poison {unknown}
 n - 2 scrolls of fear {unknown}
 q - a scroll of teleportation {unknown}
 s - a scroll of fog {unknown}
Potions
 d - a potion of heal wounds {unknown}
 e - a potion of mutation {unknown}
 f - a potion of magic {unknown}
 k - a potion of flight {unknown}
 m - 2 potions of curing {unknown}
 o - 2 potions of berserk rage {unknown}
 p - a potion of invisibility {unknown}


   Skills:
 + Level 2.9 Fighting
 + Level 6.9 Ranged Weapons
 + Level 1.5 Armour
 + Level 2.5 Dodging
 + Level 1.3 Stealth


You had 5 spell levels left.
You didn't know any spells.
Your spell library contained the following spells:

 Spells                   Type           Power      Damage    Failure   Level
 Gell's Gravitas          Tloc           0%         N/A       85%         3
 Lesser Beckoning         Tloc           0%         N/A       85%         3
 Teleport Other           Tloc           0%         N/A       85%         3


Dungeon Overview and Level Annotations

Branches:
Dungeon (3/15)

Altars:
Fedhas


Innate Abilities, Weirdness & Mutations

You have a beak for a mouth.
You have claws for feet.
Your magical nature lets you fly swiftly and evasively.


Message History

The orc priest is severely wounded.
You shoot an arrow. The arrow barely misses the orc priest.
An orc comes into view. It is wielding a +0 mace.
The orc priest mumbles some strange prayers to Beogh against you.
Pain shoots through your body!
The orc priest calls upon Beogh to heal the orc.
The orc's wounds heal themselves!
You shoot an arrow. The arrow barely misses the orc.
The arrow completely misses the orc.
You shoot an arrow. The arrow closely misses the orc.
You shoot an arrow. The arrow hits the orc.
The orc is moderately wounded.
The orc hits you with a +0 mace.
You shoot an arrow. The arrow closely misses the orc.
The orc misses you. x2
You shoot an arrow. The arrow hits the orc.
You kill the orc!
The orc hits you with a +0 flail.
You are too injured to fight recklessly!
You are too injured to fight recklessly!
You are too injured to fight recklessly!
You are too injured to fight recklessly!
Really attack while wielding your +0 shortbow? [Y]es or [N]o only, please.
Really attack while wielding your +0 shortbow?
Okay, then.
You feel weaker.
The +9 rapier "Bamuth" {holy, rPois Str-2 SInv} softly glows with a divine radiance!
r - the +9 rapier "Bamuth" (weapon)
{holy, rPois Str-2 SInv} The orc hits you but does no damage.
Unknown command.
You puncture the orc!
You kill the orc!
Unknown command.
You hit the orc. Your peck misses the orc. Your punch misses the orc.
The orc is almost dead.
The orc priest invokes the aid of Beogh against you.
Beogh smites you!
* * * LOW HITPOINT WARNING * * *
The orc misses you. The orc hits you with a +0 flail!
You die...

##.#.. .... .†...##...#
# #......... #.#........
........ # ####...o.
...#.....oo#
.......>##@# #.#.....#.#
.......#'#######
#.##...........
#..............
.#...##.#)........
######.#....#.#.........
......#....#.#.........
..#......#.#.#.........


You could see an orc priest and 2 orcs.

Vanquished Creatures
  An ogre (D:2)
  An orc priest (D:3)
  An adder (D:3)
  2 worms (D:3)
  8 dart slugs
  7 orcs (D:3)
  6 bats
  6 endoplasms
  5 giant cockroaches
  4 goblins
  10 hobgoblins
  5 jackals
  6 kobolds
  A quokka (D:2)
  5 ball pythons
  2 frilled lizards
  5 rats
75 creatures vanquished.

Notes
Turn   | Place    | Note
-------+----------+-------------------------------------------
     0 | D:1      | xian the Tengu Hunter began the quest for the Orb.
     0 | D:1      | Reached XP level 1. HP: 12/12 MP: 2/2
   153 | D:1      | Reached XP level 2. HP: 17/17 MP: 3/3
   290 | D:1      | Reached skill level 5 in Ranged Weapons
   310 | D:1      | Found a faded altar of an unknown god.
   562 | D:1      | Reached XP level 3. HP: 21/21 MP: 4/4
  1518 | D:2      | Reached XP level 4. HP: 27/27 MP: 5/5
  1545 | D:2      | Noticed an ogre
  1555 | D:2      | Killed an ogre
  1556 | D:2      | Reached skill level 6 in Ranged Weapons
  1556 | D:2      | Reached skill level 1 in Armour
  1556 | D:2      | Gained mutation: Your magical nature lets you fly swiftly
                  | and evasively. [Tengu growth]
  1556 | D:2      | Reached XP level 5. HP: 20/31 MP: 6/6
  1724 | D:2      | Identified the +9 rapier "Bamuth" {holy, rPois Str-2 SInv}
  2023 | D:3      | Found a blossoming altar of Fedhas.
  2515 | D:3      | Reached XP level 6. HP: 36/36 MP: 7/7
  2546 | D:3      | Slain by an orc

Illustrated notes

Levels and vault maps discovered:
D:1:      wheals_arrival_shading, layout_basic,
          hellmonk_ecumenical_altar_lost_god, minmay_tetromino_t4
D:2:      cheibrodos_helix_gallery, layout_basic, minmay_circle_x
D:3:      layout_basic, fedhas_ov_isle_minmay, minivault_27

Skill      XL: |  1  2  3  4 |
---------------+-------------+-----
Ranged Weapons | 5 6 |  6.9
Armour         | 1 |  1.5
Fighting       | |  2.9
Dodging        | |  2.5
Stealth        | |  1.3

Action                   |  1- 3 |  4- 6 || total
-------------------------+-------+-------++-------
Melee: Rapier            |       |     3 ||     3
 Fire: Shortbow          |   110 |   106 ||   216
Armor: Leather armour    |    23 |     8 ||    31
Dodge: Dodged            |    42 |    34 ||    76
